Map: Abyssal Reef LE

Players

Blackearth

  • Race: Terran Terran
  • League: Diamond
  • Spawn Location: 5:00

Dessa - Winner!

  • Race: Zerg Zerg
  • League: Diamond
  • Spawn Location: 11:00

VOD

Have the link to the VOD?

Description

Time

  • Played on: Dec. 10, 2017, 11:56 a.m.
  • Length: 9:42
Show
View Real Time Build Order
Export as new Build Order

Blackearth Terran 

Build Orders: Hellion Opening, Reaper Expand, Mech 

Get SALT Encoding   

  12  0:01  SCV  
  13  0:14  SCV  
  13  0:18  Supply Depot  
  14  0:26  SCV  
  15  0:28  Refinery  
  15  0:40  SCV  
  16  0:46  Barracks  
  16  0:52  SCV  
  17  1:04  SCV  
  18  1:16  SCV  
  19  1:33  Orbital Command  
  19  1:34  Reaper  
  20  1:47  Command Center  
  20  1:57  Supply Depot  
  20  1:58  SCV  
  21  2:08  Factory  
  21  2:11  Barracks Reactor  
  21  2:13  SCV  
  22  2:25  Refinery  
  22  2:26  SCV  
  23  2:40  SCV  
  24  2:59  Hellion x2  
  24  3:00  Orbital Command  
  24  3:01  SCV  
  29  3:16  SCV  
  30  3:22  Command Center  
  30  3:24  Hellion  
  30  3:26  Hellion  
  34  3:29  SCV  
  34  3:30  SCV  
  36  3:41  SCV  
  37  3:51  Supply Depot x2  
  37  3:52  SCV  
  37  3:54  Hellion x2  
  42  3:56  SCV  
  42  4:01  Refinery  
  43  4:03  Refinery  
  43  4:09  SCV  
  44  4:10  SCV  
  44  4:17  Supply Depot  
  45  4:18  Supply Depot  
  45  4:20  Hellion  
  45  4:23  SCV x2  
  48  4:36  Armory  
  48  4:37  Orbital Command  
  48  4:38  SCV x2  
  50  4:48  Supply Depot  
  50  4:52  Supply Depot  
  50  4:54  SCV x2  
  50  4:58  Orbital Command  
  52  5:03  Barracks Tech Lab  
  52  5:05  Factory  
  52  5:25  SCV  
  52  5:26  SCV x2, Supply Depot  
  55  5:36  Hellion x2  
  55  5:41  Starport  
  59  5:43  Terran Vehicle Weapons Level 1  
  59  5:44  SCV x2  
  59  5:45  SCV  
  59  5:46  Engineering Bay  
  62  5:54  Supply Depot  
  62  6:00  SCV x3  
  62  6:02  Hellion x2, Factory Tech Lab  
  69  6:11  Factory, Siege Tank  
  69  6:17  SCV x2  
  74  6:20  Supply Depot  
  74  6:22  SCV  
  75  6:27  Viking  
  75  6:29  SCV  
  75  6:31  SCV  
  79  6:38  SCV  
  80  6:41  Hellion x2  
  80  6:46  Siege Tank  
  87  6:47  Barracks Reactor  
  87  6:50  SCV  
  88  6:54  Supply Depot  
  88  6:55  Factory  
  90  7:02  Factory Tech Lab  
  83  7:16  Viking  
  83  7:18  Missile Turret  
  86  7:23  Widow Mine x2  
  86  7:24  Missile Turret  
  86  7:26  Thor  
  86  7:27  Thor  
  61  7:49  Factory Tech Lab  
  47  7:52  Viking  
  47  7:57  Refinery  
  47  7:58  Refinery  
  49  8:01  SCV x2  
  51  8:20  SCV x2  
  51  8:21  SCV  
  51  8:26  Starport Reactor  
  53  8:32  SCV  
  55  8:41  SCV x2  
  55  8:44  SCV  
  57  8:53  Hellion x2  
  53  8:57  Missile Turret  
  44  9:10  Medivac x2  
  44  9:15  SCV  
  44  9:17  Hellion x4  
  43  9:28  SCV x3  
Show
View Real Time Build Order
Export as new Build Order

Dessa Zerg - Winner!

Build Orders: Hatch First 

Get SALT Encoding   

  12  0:01  Drone  
  13  0:13  Overlord  
  13  0:19  Drone  
  14  0:31  Drone x2  
  16  0:36  Drone  
  17  0:54  Hatchery  
  16  0:57  Drone  
  16  1:03  Drone  
  18  1:16  Spawning Pool  
  17  1:18  Drone  
  18  1:25  Extractor  
  18  1:26  Drone  
  18  1:35  Drone  
  19  1:41  Overlord  
  19  1:51  Drone  
  20  2:01  Drone  
  20  2:03  Queen  
  20  2:06  Queen  
  20  2:07  Drone  
  26  2:12  Zergling x2  
  27  2:18  Drone  
  28  2:23  Drone  
  28  2:27  Metabolic Boost  
  29  2:32  Extractor  
  29  2:33  Drone  
  29  2:35  Drone  
  30  2:40  Drone, Queen  
  33  2:48  Drone  
  33  2:49  Overlord  
  34  3:01  Drone x2  
  35  3:18  Drone x2, Overlord  
  37  3:22  Drone x2  
  37  3:23  Drone  
  37  3:25  Zergling x4  
  42  3:33  Drone  
  43  3:35  Drone  
  44  3:46  Drone  
  44  3:47  Lair  
  44  3:48  Hatchery  
  44  3:51  Drone  
  44  3:52  Drone  
  44  3:54  Drone  
  47  3:56  Drone x2  
  47  3:57  Extractor  
  47  3:58  Extractor  
  47  4:04  Zergling x4  
  49  4:15  Drone  
  50  4:34  Drone x2  
  50  4:38  Overlord x2  
  52  4:47  Spire  
  51  5:01  Drone x3  
  51  5:02  Drone x5  
  59  5:12  Overlord x2  
  59  5:14  Queen  
  59  5:15  Drone x4  
  59  5:20  Drone, Roach Warren  
  64  5:25  Spine Crawler  
  64  5:26  Spine Crawler x2  
  64  5:28  Drone x2, Spine Crawler  
  62  5:29  Zergling x4  
  64  5:45  Overlord x2  
  64  5:46  Zergling x6  
  64  5:47  Zergling x8  
  71  5:54  Drone, Baneling Nest  
  71  5:57  Overlord  
  71  6:10  Mutalisk  
  71  6:11  Mutalisk x3  
  73  6:14  Mutalisk x4  
  73  6:15  Mutalisk  
  73  6:16  Overlord x2  
  89  6:30  Drone  
  89  6:31  Drone x3  
  93  6:34  Hatchery  
  93  6:35  Drone, Extractor x2  
  93  6:36  Drone  
  92  6:40  Mutalisk x2  
  96  7:03  Drone x4, Extractor  
  96  7:04  Drone x4, Extractor  
  96  7:06  Mutalisk x3  
  108  7:24  Mutalisk x2  
  112  7:35  Zergling x4  
  88  7:55  Zergling x4  
  88  7:56  Zergling x16  
  92  8:20  Drone x3  
  92  8:21  Drone x3  
  92  8:23  Drone x3  
  101  8:38  Zergling x14  
  101  8:40  Queen  
  101  9:14  Zergling x2  
  101  9:15  Zergling x8  
  98  9:22  Zergling x4, Evolution Chamber x2  
  98  9:23  Zergling x8  
  94  9:30  Drone x5  
Tags
 
Add a new tag
Caveats
  • Supply blocks, unpowered buildings, or Contaminate may cause inaccurate times.
  • Supply counts are checked every 10 seconds.